 Dungeon Crawl Stone Soup version 0.31-a0-1074-g0b22e4e0f1 (webtiles) character file.

Game seed: 4497953638404178585

13174 tbh1313 the Severer (level 11, -8/99 HPs)
             Began as a Minotaur Berserker on Dec 1, 2023.
             Was a High Priest of Trog.
             Mangled by a two-headed ogre
             ... wielding a +0 giant spiked club
              (16 damage)
             ... while paralysed by a hornet
             ... on level 13 of the Dungeon.
             The game lasted 00:23:21 (13381 turns).

tbh1313 the Severer (Minotaur Berserker)           Turns: 13381, Time: 00:23:21

Health: -8/99      AC: 21    Str: 22    XL:     11   Next: 72%
Magic:  10/10      EV:  2    Int: 11    God:    Trog [*****.]
Gold:   188        SH:  0    Dex: 10    Spells: 10/10 levels left

rFire   . . .        g - +3 executioner's axe (elec)
rCold   . . .        (shield currently unavailable)
rNeg    . . .        H - +2 plate armour {Will+}
rPois   .            (helmet restricted)
rElec   .            p - +1 cloak
rCorr   +            J - +2 pair of gloves
SInv    .            (no boots)
Will    +++..        n - amulet of reflection Stlth
                     q - ring of willpower
HPRegen 0.36/turn    y - ring of Migouroj {Will+ rCorr Int+3 Stlth-}
MPRegen 0.12/turn

%: reflection
@: paralysed, on berserk cooldown, hasted and slowed
A: horns 2, retaliatory headbutt
a: Renounce Religion, Berserk, Trog's Hand, Brothers in Arms


You were on level 13 of the Dungeon.
You worshipped Trog.
Trog was extremely pleased with you.
You visited 1 branch of the dungeon, and saw 13 of its levels.
You also visited: Sewer.

You collected 557 gold pieces.
You spent 369 gold pieces at shops.

Inventory:

Hand Weapons
 a - a +3 hand axe
 b - a +0 antimagic orcbow
 g - a +3 executioner's axe of electrocution (weapon)
 h - a +2 longbow of flaming
 r - a +0 battleaxe
Missiles
 B - 2 throwing nets
Armour
 p - a +1 cloak (worn)
 H - a +2 plate armour of willpower (worn)
 J - a +2 pair of gloves (worn)
Jewellery
 n - an amulet of reflection (around neck)
 o - an amulet of the acrobat
 q - a ring of willpower (left hand)
 y - the ring of Migouroj (right hand) {Will+ rCorr Int+3 Stlth-}
   (You found it on level 7 of the Dungeon)

   [ring of resist corrosion]

   Int+3:     It affects your intelligence (+3).
   Will+:     It increases your willpower.
   rCorr:     It protects you from acid and corrosion.
   Stlth-:    It makes you less stealthy.
Wands
 m - a wand of flame (8)
 w - a wand of paralysis (11)
 A - a wand of polymorph (3)
 E - a wand of quicksilver (4)
 G - a wand of roots (3)
Scrolls
 e - 2 scrolls of teleportation
 j - 3 scrolls of enchant weapon
 s - 2 scrolls of torment
 x - 4 scrolls of silence
 z - a scroll of immolation
 D - 2 scrolls of fog
 I - 3 scrolls of blinking
Potions
 c - 2 potions of curing
 d - 2 potions of enlightenment
 i - a potion of cancellation
 k - 3 potions of lignification
 l - a potion of heal wounds
 t - 2 potions of berserk rage
 u - 2 potions of resistance
 v - a potion of mutation
 F - a potion of attraction
 K - a potion of degeneration {unknown}


   Skills:
 - Level 10.0 Fighting
 + Level 18.8 Axes
 * Level 8.5 Armour
 - Level 2.1 Dodging


You had 10 spell levels left.
You didn't know any spells.
Your spell library contained the following spells:

 Spells                   Type           Power      Damage    Failure   Level
 Freeze                   Ice            0%         1d3       99%         1
 Ensorcelled Hibernation  Hex/Ice        0%         N/A       100%        2
 Passwall                 Tmut/Erth      0%         N/A       100%        2
 Frozen Ramparts          Ice            0%         1d1       100%        3
 Gell's Gravitas          Tloc           0%         N/A       100%        3
 Hailstorm                Conj/Ice       0%         3d3       100%        3
 Summon Guardian Golem    Hex/Summ       0%         N/A       100%        3
 Swiftness                Air            0%         N/A       100%        3
 Teleport Other           Tloc           0%         N/A       100%        3
 Animate Armour           Summ/Erth      0%         N/A       100%        4
 Manifold Assault         Tloc           0%         N/A       100%        4
 Summon Lightning Spire   Summ/Air       0%         N/A       100%        4
 Lee's Rapid Deconstruct  Erth           0%         3d4*      100%        5
 Dispersal                Tloc           0%         N/A       100%        6
 Orb of Destruction       Conj           0%         9d5       100%        7
 Spellforged Servitor     Conj/Summ      0%         N/A       100%        7
 Disjunction              Tloc           0%         N/A       100%        8


Dungeon Overview and Level Annotations

Branches:
Dungeon (13/15)            Temple (0/1) D:7            Lair (0/5) D:11
    Orc (0/2) D:10          Sewer (visited)
 Vaults: D:13-14

Altars:
Ashenzari
Dithmenos
Hepliaklqana
Makhleb
Nemelex Xobeh
Qazlal
Sif Muna
Trog
Vehumet
Yredelemnul
Lugonu

Shops:
D:3 [?*!   D:7 *   D:9 (

Annotations:
D:9 2 transporters


Innate Abilities, Weirdness & Mutations

You have a pair of horns on your head.
You reflexively headbutt those who attack you in melee.


Message History

As you read the scroll of teleportation, it crumbles to dust.
You feel strangely unstable.
The human shouts!
You hear a shout! x3
The centaur warrior hits you but does no damage.
You block the centaur warrior's attack.
The centaur warrior hits you but does no damage.
The centaur warrior kicks you but does no damage.
A human comes into view.
The centaur warrior hits you!
* * * LOW HITPOINT WARNING * * *
The centaur warrior kicks you but does no damage.
You feel much better.
Your surroundings suddenly seem different.
A hornet and a two-headed ogre come into view.
Found a scroll of enchant armour.
The two-headed ogre shouts in stereo!
The hornet stings you but does no damage.
You feel yourself speed up.
The hornet stings you but does no damage.
The hornet completely misses you. You furiously retaliate!
You headbutt the hornet! The hornet stings you.
* * * LOW HITPOINT WARNING * * *
You are poisoned.
You feel as though you will be slow longer.
You feel better. The hornet stings you!
* * * LOW HITPOINT WARNING * * *
You suddenly lose the ability to move!
The hornet barely misses you.
The two-headed ogre hits you but does no damage.
The two-headed ogre hits you with a +0 giant spiked club!
* * * LOW HITPOINT WARNING * * *
A two-headed ogre comes into view.
It is wielding a +0 giant club and a +0 giant spiked club.
The hornet stings you but does no damage.
The two-headed ogre shouts in stereo!
The hornet stings you.
* * * LOW HITPOINT WARNING * * *
You feel as though you will be slow longer.
The two-headed ogre hits you but does no damage.
The two-headed ogre hits you with a +0 giant spiked club!
You die...

###########
..........#
..........#
......O@..#
........y.#
..........#
.....?......
..........###
##'#..#+###
.....O ##.#.#


You could see 2 two-headed ogres and a hornet.

Levels and vault maps discovered:
D:1:      lightli_arrival_flooded_house, layout_loops_ring,
          basic_ecumenical_altar, hex_large, hangedman_decor_lopped
D:2:      layout_basic
D:3:      layout_basic, serial_shops, shop, shop, nicolae_shop_window_shopping,
          shop, minivault_14
D:4:      layout_basic, nicolae_dithmenos_the_darkroom,
          mainiacjoe_overflow_24_doors, gup_sewer_entry_pipe
D:5:      layout_rooms, minmay_overflow_temple_star_quad, bh_walls_and_bars
D:6:      layout_cave_pods, lemuel_doored_altar, overflow_temple_1_default,
          dk_rats_in_the_wall
D:7:      layout_rooms, gammafunk_temple_overflow_statue, temple_fountains,
          serial_shops, nicolae_shop_back_alley_shop
D:8:      layout_basic, uniq_maggie
D:9:      gammafunk_corrupted_shrine, layout_loops_ring,
          nicolae_shop_firing_range
D:10:     layout_loops_ring, bloody_trog, david_orc_3
D:11:     layout_roguey, lair_entry_dummy
D:12:     layout_grid_maze, uniq_psyche, uniq_nessos
D:13:     layout_basic, david_vaults_3, portal_ice_cave_entry_ice_simulacra,
          nicolae_shop_clearance

Notes
Turn   | Place    | Note
-------+----------+-------------------------------------------
     0 | D:1      | tbh1313 the Minotaur Berserker began the quest for the Orb.
     0 | D:1      | Reached XP level 1. HP: 19/19 MP: 0/0
    38 | D:1      | Reached skill level 4 in Axes
    74 | D:1      | Reached XP level 2. HP: 26/26 MP: 1/1
   347 | D:1      | Reached skill level 5 in Axes
   361 | D:1      | Reached XP level 3. HP: 21/30 MP: 2/2
   548 | D:1      | Reached ** piety under Trog
   685 | D:1      | Found a faded altar of an unknown god.
  1259 | D:2      | Reached XP level 4. HP: 37/39 MP: 3/3
  1283 | D:2      | Reached skill level 6 in Axes
  1667 | D:3      | Found Ulixette's Antique Armour Emporium.
  1928 | D:3      | Reached *** piety under Trog
  2017 | D:3      | Found Plog's Distillery.
  2021 | D:3      | Bought 2 potions of curing for 66 gold pieces
  2060 | D:3      | Reached skill level 7 in Axes
  2060 | D:3      | Reached XP level 5. HP: 36/45 MP: 4/4
  2070 | D:3      | Found Xatt's General Store.
  2079 | D:3      | Bought a scroll of identify for 20 gold pieces
  2079 | D:3      | Bought a scroll of enchant weapon for 75 gold pieces
  2280 | D:3      | Found Nauch's Magic Scroll Shop.
  2592 | D:4      | Reached skill level 8 in Axes
  2621 | D:4      | Found a glowing drain.
  2625 | D:4      | Reached XP level 6. HP: 37/51 MP: 5/5
  2666 | Sewer    | Entered a sewer
  2693 | Sewer    | Noticed Pargi
  2709 | Sewer    | Killed Pargi
  2828 | D:4      | Identified the +0 rapier "Plog" {drain, Will+ MP+9 Int+3
                  | Dex+3}
  2927 | D:4      | Reached skill level 9 in Axes
  2927 | D:4      | Reached XP level 7. HP: 25/57 MP: 6/6
  3056 | D:4      | Found a shadowy altar of Dithmenos.
  3289 | D:4      | Found a burning altar of Makhleb.
  3291 | D:4      | Reached **** piety under Trog
  3630 | D:5      | Entered Level 5 of the Dungeon
  3646 | D:5      | Reached skill level 10 in Axes
  3723 | D:5      | Reached skill level 11 in Axes
  3788 | D:5      | Reached XP level 8. HP: 49/64 MP: 7/7
  4042 | D:5      | Reached skill level 12 in Axes
  4409 | D:5      | Found a hazy altar of Hepliaklqana.
  4415 | D:5      | Found a shimmering blue altar of Sif Muna.
  4424 | D:5      | Found a radiant altar of Vehumet.
  4647 | D:6      | Reached skill level 13 in Axes
  4691 | D:6      | Found a basalt altar of Yredelemnul.
  4949 | D:6      | Reached skill level 14 in Axes
  4950 | D:6      | Reached XP level 9. HP: 52/70 MP: 8/8
  5221 | D:6      | Found a sparkling altar of Nemelex Xobeh.
  5635 | D:7      | Found a staircase to the Ecumenical Temple.
  5929 | D:7      | Reached skill level 15 in Axes
  5974 | D:7      | Found a stormy altar of Qazlal.
  5974 | D:7      | Found a broken altar of Ashenzari.
  5978 | D:7      | Identified the ring of Migouroj {Will+ rCorr Int+3 Stlth-}
  6288 | D:7      | Found Ysmuruz's General Store.
  6476 | D:8      | Reached ***** piety under Trog
  6732 | D:8      | Noticed Maggie
  6745 | D:8      | Killed Maggie
  6746 | D:8      | Reached skill level 5 in Fighting
  7184 | D:9      | Reached skill level 16 in Axes
  7191 | D:9      | Reached XP level 10. HP: 84/84 MP: 9/9
  7502 | D:9      | Found Fuab's Firing Range.
  7751 | D:9      | Found a transporter.
  7754 | D:9      | Noticed a brown ugly thing
  7755 | D:9      | Noticed a purple ugly thing
  7760 | D:9      | Noticed a green ugly thing
  8034 | D:9      | Reached skill level 17 in Axes
  8187 | D:9      | Found a transporter.
  8843 | D:9      | Found a corrupted altar of Lugonu.
  8855 | D:10     | Entered Level 10 of the Dungeon
  8958 | D:10     | Found a bloodstained altar of Trog.
  9056 | D:10     | Identified the +1 robe of Generosity {Int+6}
  9404 | D:10     | Reached skill level 18 in Axes
  9662 | D:10     | Reached XP level 11. HP: 60/97 MP: 4/10
  9669 | D:10     | Received a gift from Trog
  9896 | D:10     | Found a staircase to the Orcish Mines.
 10301 | D:11     | Noticed a two-headed ogre
 10315 | D:11     | Killed a two-headed ogre
 10316 | D:11     | Reached skill level 10 in Fighting
 10494 | D:11     | Found a staircase to the Lair.
 10869 | D:11     | Noticed a boulder beetle
 10887 | D:11     | Killed a boulder beetle
 10888 | D:11     | Reached skill level 5 in Armour
 11560 | D:3      | Bought a scroll of brand weapon for 104 gold pieces
 11560 | D:3      | Bought a scroll of brand weapon for 104 gold pieces
 11932 | D:12     | Noticed Nessos
 11943 | D:12     | Killed Nessos
 12179 | D:12     | Noticed a two-headed ogre
 12184 | D:12     | Killed a two-headed ogre
 12837 | D:12     | Noticed Psyche
 12843 | D:12     | Killed Psyche
 13372 | D:13     | Noticed a centaur warrior
 13373 | D:13     | Noticed a two-headed ogre
 13377 | D:13     | Noticed a two-headed ogre
 13379 | D:13     | Paralysed by a hornet for 3 turns
 13380 | D:13     | Noticed a two-headed ogre
 13381 | D:13     | HP: 8/99 [hornet (shapeshifter) (4)]
 13381 | D:13     | Mangled by a two-headed ogre

Table legend: (Time is in decaauts)
 A = Elapsed time spent in this place.
 B = Non-inter-level travel time spent in this place.
 C = Inter-level travel time spent in this place.
 D = Time resting spent in this place.
 E = Time spent auto-exploring this place.
 F = Levels seen in this place.
 G = Mean time per level.
                   A        B        C        D        E       F      G
               +--------+--------+--------+--------+--------+-----+--------+
         Total |  13266 |  12322 |    944 |   2417 |   8263 |  14 |  947.6 |
       Dungeon |  13150 |  12206 |    944 |   2417 |   8184 |  13 | 1011.5 |
         Sewer |    116 |    116 |      0 |      0 |     79 |   1 |  116.0 |
               +--------+--------+--------+--------+--------+-----+--------+

Top non-repeatable levels by time:
     D:9: 1670 daAuts
    D:12: 1506 daAuts
    D:10: 1368 daAuts
     D:6: 1165 daAuts
    D:11: 1139 daAuts
     D:4: 1069 daAuts
     D:3: 1007 daAuts
     D:8: 921 daAuts
     D:2: 905 daAuts
     D:5: 795 daAuts
     D:1: 778 daAuts
     D:7: 746 daAuts
   Sewer: 116 daAuts
    D:13: 75 daAuts

Table legend:
 A = Kills in this place as a percentage of kills in the entire game.
 B = Kills by you in this place as a percentage of kills by you in the entire game.
 C = Kills by friends in this place as a percentage of kills by friends in the entire game.
 D = Other kills in this place as a percentage of other kills in the entire game.
 E = Experience gained in this place as a percentage of experience gained in the entire game.
 F = Experience gained in this place divided by the number of levels of this place that you have seen.
                   A       B       C       D       E      F
               +-------+-------+-------+-------+-------+----------------------
         Total | 100.0 | 100.0 | 100.0 |   N/A | 100.0 | 1344.3
       Dungeon |  97.4 |  97.4 | 100.0 |   N/A |  99.2 | 1436.7
         Sewer |   2.6 |   2.6 |   0.0 |   N/A |   0.8 | 143.0
               +-------+-------+-------+-------+-------+----------------------

Action                     |  1- 3 |  4- 6 |  7- 9 | 10-12 || total
---------------------------+-------+-------+-------+-------++-------
  Melee: Hand axe          |    96 |   135 |   337 |   285 ||   853
         Headbutt          |    11 |    17 |    53 |    65 ||   146
         Punch             |     1 |       |     4 |     2 ||     7
         Executioner's axe |       |       |       |    50 ||    50
   Fire: Orcbow            |       |       |       |    19 ||    19
 Invoke: Berserk           |       |     2 |     5 |     8 ||    15
         Trog's Hand       |       |     1 |       |     1 ||     2
         Brothers in Arms  |       |       |       |     1 ||     1
    Use: Scroll            |     4 |     4 |     7 |     9 ||    24
         Potion            |       |     1 |       |     8 ||     9
 Armour: Animal skin       |    19 |       |       |       ||    19
         Ring mail         |    39 |       |       |       ||    39
         Scale mail        |       |   101 |   169 |   113 ||   383
         Plate armour      |       |       |       |   139 ||   139
  Dodge: Dodged            |    60 |    63 |    70 |   107 ||   300
  Block: Other             |       |       |    41 |    52 ||    93
         Reflection        |       |       |     2 |     3 ||     5

Vanquished Creatures
  Nessos (D:12)
  2 two-headed ogres
  A boulder beetle (D:11)
  Maggie (D:8)
  A kobold demonologist (D:12)
  Psyche (D:12)
  2 trolls
  A wind drake (shapeshifter) (D:13)
  4 slime creatures (D:12)
  4 shadows
  A wyvern (D:6)
  9 yaks
  A vampire (D:9)
  2 wraiths (D:12)
  A human (D:13)
  A steam dragon (D:9)
  4 vampire mosquitoes (D:10)
  A warg (D:10)
  An acid dragon (D:12)
  A water moccasin (D:9)
  Pargi (Sewer)
  2 ice beasts
  2 sky beasts (D:7)
  6 orc warriors
  3 centaurs
  4 ogres
  3 phantoms (D:5)
  3 kobold brigands
  4 bullfrogs
  2 gnoll sergeants
  2 scorpions
  11 wights
  15 killer bees
  3 howler monkeys
  3 hounds (D:6)
  10 orc priests
  A gnoll bouda (D:8)
  3 iguanas
  13 orc wizards
  18 gnolls
  2 adders
  2 white imps (D:6)
  2 ufetubi (D:6)
  3 worms
  4 dart slugs
  44 orcs
  11 ball pythons
  14 bats
  4 endoplasms
  9 giant cockroaches
  10 goblins
  9 hobgoblins
  8 quokkas
  3 training dummies (D:9)
  7 frilled lizards
  19 kobolds
  7 rats
307 creatures vanquished.

Vanquished Creatures (collateral kills)
  A gnoll sergeant (D:10)
1 creature vanquished.

Grand Total: 308 creatures vanquished
